 Dungeon Crawl Stone Soup version 0.29.1-12-g30fa7ad0bf (webtiles) character file.

Game seed: 9824673952851861895

25 croobank the Conjurer (level 2, -7/20 HPs)
             Began as a Demonspawn Conjurer on Jan 3, 2023.
             Mangled by Natasha (8 damage)
             ... on level 2 of the Dungeon.
             The game lasted 00:04:27 (1318 turns).

croobank the Conjurer (Demonspawn Conjurer)         Turns: 1318, Time: 00:04:28

Health: -7/20      AC:  2    Str: 13    XL:     2   Next: 86%
Magic:  5/5        EV: 12    Int: 19    God:
Gold:   73         SH:  0    Dex: 11    Spells: 2/5 levels left

rFire   . . .      SeeInvis .   d - +0 dagger
rCold   . . .      Faith    .   (no shield)
rNeg    . . .      Spirit   .   a - +0 robe
rPois   .          Reflect  .   (no helmet)
rElec   .          Harm     .   (no cloak)
rCorr   .          Rampage  .   (no gloves)
Will    .....                   (no boots)
Stlth   ++........              (no amulet)
HPRegen 0.06/turn               j - +6 ring of strength
MPRegen 0.09/turn               (no ring)

@: very slightly contaminated
A: hooves 1
a: no special abilities


You were on level 2 of the Dungeon.
You visited 1 branch of the dungeon, and saw 2 of its levels.

You collected 73 gold pieces.

Inventory:

Hand Weapons
 d - a +0 dagger (weapon)
 f - a +0 short sword
 k - a +0 mace of draining
Missiles
 l - 6 poisoned darts
Armour
 a - a +0 robe (worn)
Jewellery
 j - a +6 ring of strength (left hand)
Scrolls
 g - a scroll of identify {unknown}
 h - 2 scrolls of enchant weapon {unknown}
Potions
 c - a potion of attraction {unknown}
 e - 2 potions of curing {unknown}
 i - a potion of haste {unknown}


   Skills:
 + Level 0.5 Fighting
 + Level 2.1 Dodging
 + Level 2.2 Stealth
 + Level 2.2 Spellcasting
 + Level 4.2 Conjurations


You had 2 spell levels left.
You knew the following spells:

 Your Spells              Type           Power      Damage    Failure   Level
a - Magic Dart            Conj           72%        1d6       3%          1
b - Searing Ray           Conj           36%        2d5       4%          2

Your spell library contained the following spells:

 Spells                   Type           Power      Damage    Failure   Level
 Necrotise                Necr           8%         1d4       17%         1
 Dazzling Flash           Conj/Hex       20%        N/A       21%         3
 Portal Projectile        Hex/Tloc       4%         N/A       45%         3
 Tukima's Dance           Hex            2%         N/A       45%         3
 Vampiric Draining        Necr           2%         2d6       45%         3
 Fulminant Prism          Conj/Hex       5%         3d7       56%         4
 Iskenderun's Mystic Bla  Conj/Tloc      10%        2d4       56%         4
 Agony                    Necr           2%         N/A       99%         5
 Blade Hands              Tmut           1%         N/A       99%         5


Dungeon Overview and Level Annotations

Branches:
Dungeon (2/15)

Altars:

Annotations:
D:2 Natasha


Innate Abilities, Weirdness & Mutations

You have large cloven feet.


Message History

Casting: Magic Dart (safe; 3% risk of failure)
Confirm with . or Enter, or press ? or * to list all spells.
Aiming: Searing Ray (safe; 4% risk of failure)
Press: ? - help, Shift-Dir - straight line, f/p - ball python skeleton
Aim: a ball python skeleton (severely damaged, 95% to hit)
The searing ray misses the ball python skeleton. (Press . to maintain the ray.) Without enough magic to sustain it, your searing ray dissipates.
You hit the ball python skeleton but do no damage.
You kick the ball python skeleton.
You destroy the ball python skeleton!
You start resting.
Natasha is nearby!
Natasha hisses angrily.
Natasha stares at you and mumbles some strange words.
You feel yourself slow down. Natasha attacks as you move away!
Natasha claws you.
A ball python skeleton comes into view.
Natasha casts a spell at you. The magic dart hits you.
Casting: Searing Ray (safe; 4% risk of failure)
Confirm with . or Enter, or press ? or * to list all spells.
Aiming: Searing Ray (safe; 4% risk of failure)
Press: ? - help, Shift-Dir - straight line, f - Natasha
Aim: Natasha (72% to hit)
You miscast Searing Ray.
You are very lightly contaminated with residual magic.
Nothing appears to happen.
Natasha stares at you and mumbles some strange words.
You resist with significant effort.
You feel yourself speed up. Natasha casts a spell at you.
The magic dart hits you.
You hit Natasha. Your kick misses Natasha.
Natasha is moderately wounded.
Natasha stares at you and mumbles some strange words.
The magic dart hits you!
* * * LOW HITPOINT WARNING * * *
Magic courses through your body. Natasha claws you!
You die...

...P♣♣ ..♣♣ .P..♣
...♣♣♣♣.ZP♣♣ ..#..♣♣PhP♣
......♣P..♣ #.#.#.♣P.$♣
#.#.#.♣P5P♣#
#######.#.#.♣♣P5.####
.........h@.#♣♣.....#
#######.#.#########.#
#######.#....Z.# #.#
#...†.#.######.# #§#
####.###.#.# ###.####.#
.........#.# #........#
########.#.####.##.....#
................h......#
###########.#.......#....##


You could see Natasha.

Vanquished Creatures
  2 dart slugs (D:1)
  An endoplasm (D:1)
  4 giant cockroaches
  3 goblins (D:1)
  A hobgoblin (D:1)
  A ball python (D:1)
  A ball python skeleton (D:2)
  A frilled lizard (D:2)
  2 kobolds (D:1)
  A quokka skeleton (D:2)
  4 rats (D:1)
21 creatures vanquished.

Vanquished Creatures (others)
  16 withered plants (D:2)
16 creatures vanquished.

Grand Total: 37 creatures vanquished

Notes
Turn   | Place    | Note
-------+----------+-------------------------------------------
     0 | D:1      | croobank the Demonspawn Conjurer began the quest for the
                  | Orb.
     0 | D:1      | Reached XP level 1. HP: 13/13 MP: 3/3
   133 | D:1      | Gained mutation: You have large cloven feet. [demonic
                  | ancestry]
   133 | D:1      | Reached XP level 2. HP: 19/19 MP: 1/5
   456 | D:1      | Learned a level 2 spell: Searing Ray
  1171 | D:2      | Noticed Natasha
  1173 | D:2      | Found the +4 dagger "Morg" {pain, Will+ Int+5}
  1176 | D:2      | Noticed a crimson imp
  1177 | D:2      | Noticed a crimson imp
  1317 | D:2      | HP: 1/20 [Natasha/magic dart (7)]
  1318 | D:2      | Mangled by Natasha

Illustrated notes

Levels and vault maps discovered:
D:1:      lemuel_arrival_room, layout_basic, minmay_misc_feat_four_crosses
D:2:      layout_basic, dilly_guarded_unrand_morg

Skill      XL: |  1 |
---------------+----+-----
Stealth        | 2 |  2.2
Dodging        | 2 |  2.1
Fighting       | |  0.5
Spellcasting   | |  2.2
Conjurations   | |  4.2

Action                   || total
-------------------------++-------
Melee: Dagger            ||     7
       Kick              ||     2
 Cast: Magic Dart        ||    32
       Searing Ray       ||     3
  Use: Potion            ||     1
Dodge: Dodged            ||     5
